 Dungeon Crawl Stone Soup version 0.21.1-1-g345015f (webtiles) character file.

613 shakethe the Carver (level 7, -10/57 HPs)
             Began as a Barachi Gladiator on Feb 25, 2018.
             Mangled by an ogre
             ... wielding a +0 giant club
              (21 damage)
             ... on level 3 of the Dungeon.
             The game lasted 00:18:49 (4142 turns).

shakethe the Carver (Barachi Gladiator)             Turns: 4142, Time: 00:18:50

Health: -10/57     AC:  5    Str: 16    XL:     7   Next: 44%
Magic:  7/7        EV: 13    Int: 10    God:
Gold:   206        SH:  0    Dex: 13    Spells: 6/6 levels left

rFire    . . .     SeeInvis .   w - +0 falchion (slice)
rCold    . . .     Gourm    .   (no shield)
rNeg     . . .     Faith    .   b - +0 leather armour
rPois    .         Spirit   .   c - +0 helmet
rElec    .         Reflect  .   (no cloak)
rCorr    .         Harm     .   e - +0 pair of gloves
MR       .....                  (no boots)
Stlth    +.........             (no amulet)
HPRegen  0.19/turn              (no ring)
MPRegen  0.10/turn              (no ring)

@: slow
A: +LOS, swims, slowness 1, strong legs 1
a: Hop


You were on level 3 of the Dungeon.
You were not hungry.

You visited 1 branch of the dungeon, and saw 4 of its levels.

You collected 206 gold pieces.

Inventory:

Hand Weapons
 a - a +0 long sword
 s - a +1 short sword of holy wrath
   (You took it off a kobold on level 2 of the Dungeon)
 w - a +0 falchion of slicing (weapon)
   (You took it off an orc on level 3 of the Dungeon)
Missiles
 d - 3 throwing nets {=f, !d}
 h - 55 poisoned needles
 y - 3 tomahawks of returning (quivered)
Armour
 b - a +0 leather armour (worn)
 c - a +0 helmet (worn)
 e - a +0 pair of gloves (worn)
   (You found it on level 1 of the Dungeon)
Wands
 q - a wand of iceblast (8)
   (You found it on level 2 of the Dungeon)
 t - a wand of digging (13)
   (You found it on level 3 of the Dungeon)
Scrolls
 g - a scroll of enchant armour {unknown}
 i - a scroll of fear {unknown}
 k - a scroll of immolation {unknown}
 l - 5 scrolls of teleportation {unknown}
 m - 2 scrolls of identify {unknown}
 o - 5 scrolls of remove curse {unknown}
 p - a scroll of random uselessness {unknown}
 r - 2 scrolls of noise {unknown}
 u - a scroll of magic mapping {unknown}
 v - a scroll of amnesia {unknown}
 x - 2 scrolls of fog {unknown}
Potions
 j - 2 potions of mutation {unknown}
 n - a potion of might {unknown}
 z - a potion of resistance {unknown}
 A - 2 potions of lignification {unknown}
 B - a potion of agility {unknown}
 C - 2 potions of curing {unknown}
Comestibles
 f - 6 rations
 D - 2 chunks of flesh {@w0@w0}


   Skills:
 + Level 5.8 Fighting
 * Level 8.4 Long Blades
 - Level 2.0 Throwing
 + Level 3.4 Dodging


You had 6 spell levels left.
You didn't know any spells.

Dungeon Overview and Level Annotations

Branches:
Dungeon (4/15)
 Temple: D:4-7

Altars:


Innate Abilities, Weirdness & Mutations

Shadows flee at your approach. (+LOS)
You can swim through water.
You cover ground slowly.
You can hop short distances.


Message History

You climb downwards.
There is a stone staircase leading up here.
There is a stone staircase leading up here.
You open the door.
There is an open door here.
There is an escape hatch in the ceiling here.
There is an open door here.
There is an open door here.
Unknown command.
You barely miss the orc wizard.
The orc wizard hits you but does no damage.
You hit the orc wizard but do no damage.
The orc wizard misses you.
You riposte.
You hit the orc wizard. You hit the orc wizard.
The orc wizard hits you with a dagger.
You take 2 damage, and have 55/57 hp.
You hit the orc wizard.
You kill the orc wizard!
There is an open door here.
Things that are here:
a dagger; a robe; an orc corpse You butcher the orc corpse.
D - 2 chunks of flesh {@w0@w0}
There is an open door here.
Things that are here:
a dagger; a robe Health restored: 57 The orc wizard shouts!
The orc shouts!
You hear a shout! x3
There is an open door here.
Things that are here:
a dagger; a robe The orc misses you.
You slash the orc!
You kill the orc!
The orc shouts!
The orc wizard gestures at you while chanting.
The puff of flame misses you.
The puff of flame hits the orc.
The orc dies!
You hit the orc but do no damage. The orc completely misses you.
You hit the orc wizard. The orc hits you but does no damage.
The orc wizard hits you with a dagger.
You take 1 damage, and have 56/57 hp.
The ogre shouts!
You hit the orc wizard. The orc barely misses you.
You riposte.
You hit the orc. The orc barely misses you.
The orc wizard completely misses you.
You hit the orc wizard.
The orc hits you with a short sword of speed.
The orc hits you with a mace of holy wrath.
The orc wizard gestures at you while chanting.
You resist with some effort.
You take 5 damage, and have 51/57 hp.
You closely miss the orc wizard. The orc hits you but does no damage.
The orc closely misses you.
The orc wizard hits you but does no damage.
You hit the orc wizard. The orc barely misses you.
You riposte.
You hit the orc but do no damage. You barely miss the orc wizard.
The orc wizard casts a spell at you. The puff of flame hits you!
The orc barely misses you. The orc completely misses you.
You take 5 damage, and have 46/57 hp.
You hit the orc wizard.
You kill the orc wizard!
The orc hits you but does no damage.
The orc hits you with a mace of holy wrath.
You take 4 damage, and have 42/57 hp.
The orc hits you but does no damage. The orc completely misses you.
The orc closely misses you.
The orc hits you with a mace of holy wrath.
There is an escape hatch in the ceiling here.
You take 4 damage, and have 38/57 hp.
The ogre closely misses you.
The orc hits you with a short sword of speed.
The orc hits you with a mace of holy wrath.
A mysterious force pulls you upwards. The hatch slams shut behind you.
You take 4 damage, and have 34/57 hp.
Aim: an ogre, wielding a giant club
Okay, then.
Okay, then.
Okay, then.
You hit the ogre. The orc misses you. The ogre hits you with a giant club.
You take 2 damage, and have 32/57 hp.
You hit the ogre. The orc completely misses you.
The orc hits you with a short sword of speed.
You take 2 damage, and have 30/57 hp.
You barely miss the ogre. The ogre hits you with a giant club!
The orc barely misses you. x2
You take 7 damage, and have 23/57 hp.
You hit the ogre. The orc closely misses you.
The ogre hits you with a giant club!
* * * LOW HITPOINT WARNING * * *
The orc closely misses you.
You riposte.
You barely miss the orc.
You take 12 damage, and have 11/57 hp.
MASSIVE DAMAGE!!
You hit the ogre but do no damage. The orc closely misses you.
You riposte.
You hit the orc. You hit the ogre but do no damage.
The orc hits you but does no damage. The ogre hits you with a giant club!!
You die...

##########
#@O......#########
#oo...............
#.................
#.................
#####.###.........
#.# #......... #.#
#.........
#.###.........
#.............


You could see an ogre and 2 orcs.

Vanquished Creatures
  The ghost of buskinjo the Conjurer, an amateur DrCj (D:3)
  A phantom (D:2)
  An orc priest (D:3)
  2 orc wizards (D:4)
  2 bullfrog skeletons (D:4)
  An iguana (D:4)
  3 worker ants (D:4)
  A gnoll (D:1)
  5 adders
  3 oozes
  An adder skeleton (D:4)
  3 worms (D:2)
  3 dart slugs (D:1)
  A leopard gecko (D:3)
  6 orcs
  A ball python (D:3)
  6 bats
  2 giant cockroaches
  8 goblins
  9 hobgoblins
  4 jackals (D:2)
  8 kobolds
  2 quokkas
  7 frilled lizards
  A jackal skeleton (D:4)
  9 rats
91 creatures vanquished.

Vanquished Creatures (others)
  An orc (D:4)
1 creature vanquished.

Grand Total: 92 creatures vanquished

Notes
Turn   | Place    | Note
-------+----------+-------------------------------------------
     0 | D:1      | shakethe the Barachi Gladiator began the quest for the Orb.
     0 | D:1      | Reached XP level 1. HP: 17/17 MP: 1/1
   202 | D:1      | Reached skill level 4 in Long Blades
   252 | D:1      | Reached XP level 2. HP: 18/23 MP: 2/2
   277 | D:1      | Reached skill level 3 in Fighting
   360 | D:1      | Reached XP level 3. HP: 29/29 MP: 3/3
   834 | D:1      | Reached skill level 5 in Long Blades
   857 | D:1      | HP: 7/29 [poisoned by an adder]
  1157 | D:2      | HP: 6/29 [quokka (3)]
  1162 | D:2      | HP: 4/29 [quokka (2)]
  1165 | D:2      | Reached XP level 4. HP: 5/35 MP: 4/4
  1945 | D:3      | Noticed buskinjo's ghost (amateur DrCj)
  1958 | D:3      | HP: 8/37 [buskinjo's ghost/magic dart (8)]
  2241 | D:3      | Killed buskinjo's ghost
  2241 | D:3      | Reached skill level 4 in Fighting
  2241 | D:3      | Reached skill level 6 in Long Blades
  2241 | D:3      | Reached XP level 5. HP: 19/43 MP: 5/5
  2241 | D:3      | Reached XP level 6. HP: 22/49 MP: 6/6
  2487 | D:3      | Noticed a phantom
  2549 | D:2      | Killed a phantom
  2549 | D:2      | Reached skill level 5 in Fighting
  2549 | D:2      | Reached skill level 7 in Long Blades
  3291 | D:4      | Reached XP level 7. HP: 56/56 MP: 7/7
  3459 | D:4      | Reached skill level 8 in Long Blades
  4140 | D:3      | HP: 11/57 [ogre/giant club (12)]
  4142 | D:3      | Mangled by an ogre

Skill      XL: |  1  2  3  4  5  6  7 |
---------------+----------------------+-----
Long Blades    | 4 5 6 7 8 |  8.4
Fighting       | 3 4 5 |  5.8
Throwing       | |  2.0
Dodging        | |  3.4

Action                   |  1- 3 |  4- 6 |  7- 9 || total
-------------------------+-------+-------+-------++-------
Melee: Long sword        |    97 |   110 |       ||   207
       Short sword       |       |    34 |       ||    34
       Falchion          |       |    39 |    63 ||   102
  Eat: Chunk             |     1 |     8 |     3 ||    12
Armor: Leather armour    |    30 |    52 |    14 ||    96
Dodge: Dodged            |    73 |   127 |    40 ||   240
       Rpst.: Long sword |    17 |    22 |       ||    39
       Falchion          |       |     7 |    14 ||    21

Vault maps used:
D:1:      dpeg_arrival_tiny_a

Table legend:
 A = Turns spent in this place as a percentage of turns spent in the entire game.
 B = Non-inter-level travel turns spent in this place as a percentage of non-inter-level travel turns spent in the entire game.
 C = Inter-level travel turns spent in this place as a percentage of turns spent in this place.
 D = Turns resting spent in this place as a percentage of non-inter-level travel turns spent in this place.
 E = Turns spent auto-exploring this place as a percentage of non-inter-level travel turns spent in this place.
 F = Non-inter-level travel turns spent in this place divided by the number of levels of this place that you've seen.
                   A       B       C       D       E      F
               +-------+-------+-------+-------+-------+----------------------
         Total | 100.0 | 100.0 |   1.4 |  35.1 |   9.5 | 1021.2
       Dungeon | 100.0 | 100.0 |   1.4 |  35.1 |   9.5 | 1021.2
               +-------+-------+-------+-------+-------+----------------------

Table legend:
 A = Kills in this place as a percentage of kills in entire the game.
 B = Kills by you in this place as a percentage of kills by you in the entire game.
 C = Kills by friends in this place as a percentage of kills by friends in the entire game.
 D = Other kills in this place as a percentage of other kills in the entire game.
 E = Experience gained in this place as a percentage of experience gained in the entire game.
 F = Experience gained in this place divided by the number of levels of this place that you have seen.
                   A       B       C       D       E      F
               +-------+-------+-------+-------+-------+----------------------
         Total | 100.0 | 100.0 |   N/A |   N/A | 100.0 | 219.2
       Dungeon | 100.0 | 100.0 |   N/A |   N/A | 100.0 | 219.2
               +-------+-------+-------+-------+-------+----------------------
